 Dungeon Crawl Stone Soup version 0.31-a0-846-gb3bcc0d938 (webtiles) character file.

Game seed: 7899696504799848003

240 lunkers the Ruffian (level 6, 0/47 HPs)
             Began as a Meteoran Shapeshifter on Oct 3, 2023.
             Killed by divine providence
             ... invoked by an orc priest
              (10 damage)
             ... on level 4 of the Dungeon.
             The game lasted 00:03:23 (1193 turns).

lunkers the Ruffian (Meteoran Shapeshifter)         Turns: 1193, Time: 00:03:24

Health: 0/47       AC:  6    Str: 18    XL:     6   Next: 56%
Magic:  7/7        EV: 10    Int: 12    God:
Gold:   138        SH:  0    Dex: 13    Spells: 5/5 levels left

rFire   . .          .
                       - Unarmed
rCold   . . .        (no shield)
rNeg    . . .        j - +0 scale mail
rPois   .            (helmet currently unavailable)
rElec   .            (cloak currently unavailable)
rCorr   .            (gloves currently unavailable)
SInv    .            (boots currently unavailable)
Will    .....        (no amulet) Stlth
                     (no ring)
HPRegen 0.27/turn    (no ring)
MPRegen 0.10/turn

%: no passive effects
@: beast-form, glowing
A: beast (slay +2), sense surroundings 1, otherworldly, glowing, explore regen
a: Begin Untransformation


You were on level 4 of the Dungeon.
You were a hulking beast.
You visited 1 branch of the dungeon, and saw 4 of its levels.

You collected 138 gold pieces.

Inventory:

Armour
 a - a +0 animal skin
 j - a +0 scale mail (worn)
Talismans
 c - a beast talisman (active)
 d - a flux talisman
Wands
 n - a wand of light (10)
Scrolls
 e - 2 scrolls of teleportation {unknown}
 k - a scroll of enchant weapon {unknown}
 l - a scroll of acquirement {unknown}
 m - a scroll of poison {unknown}
 o - a scroll of fear {unknown}
 q - a scroll of identify {unknown}
 r - a scroll of immolation {unknown}
Potions
 b - 2 potions of lignification
 f - a potion of heal wounds {unknown}
 g - a potion of brilliance {unknown}
 h - 2 potions of ambrosia {unknown}
 i - a potion of attraction {unknown}
 p - a potion of curing {unknown}


   Skills:
 - Level 1.1 Fighting
 - Level 2.1 Dodging
 * Level 6.8 Unarmed Combat
 + Level 5.2 Shapeshifting


You had 5 spell levels left.
You didn't know any spells.
Your spell library contained the following spells:

 Spells                   Type           Power      Damage    Failure   Level
 Volatile Blastmotes      Fire/Tloc      0%         2d10      98%         3
 Fulminant Prism          Conj/Hex       0%         3d5       100%        4
 Iskenderun's Mystic Bla  Conj/Tloc      0%         2d3       100%        4


Dungeon Overview and Level Annotations

Branches:
Dungeon (4/15) Zot: 1223
 Temple: D:4-7

Altars:


Innate Abilities, Weirdness & Mutations

You are a hulking beast.
Your limbs bulge with bestial killing power. (Slay +2)
You passively map a small area around you.
You are easily found by Zot.
You glow in the dark.
You regain HP and MP as you explore.


Message History

A rat and an orc priest come into view.
The orc shouts!
The orc closely misses you.
You closely miss the orc. The orc hits you with a +0 whip.
A quokka comes into view.
The orc hits you with a +0 morningstar.
You closely miss the orc.
The orc priest calls down the wrath of Beogh upon you.
Beogh smites you!
* * * LOW HITPOINT WARNING * * *
The orc hits you with a +0 whip.
* * * LOW HITPOINT WARNING * * *
The orc hits you but does no damage.
Unknown command.
You closely miss the orc. The orc hits you with a +0 whip.
* * * LOW HITPOINT WARNING * * *
You punch the orc!
You kill the orc!
Unknown command.
You barely miss the orc. The orc hits you but does no damage.
Unknown command.
You punch the orc!
You kill the orc!
Unknown command.
You punch the rat!
You kill the rat!
You barely miss the quokka.
The quokka bites you but does no damage.
The orc priest mumbles some strange prayers to Beogh against you.
Beogh smites you!
* * * LOW HITPOINT WARNING * * *
You hit the quokka.
You kill the quokka!
You hit the orc priest.
The orc priest is moderately wounded.
You hit the orc priest.
The orc priest is severely wounded.
The orc priest mumbles some strange prayers to Beogh against you.
Beogh smites you!
You die...

* #<.....####.*
*,,##.....>....
* #......##* *
..##...)).# *,
, #..........#
#........).# *
*
*######.....###
, ,
...........# ,,
*##########h#
** *#o#* , *
~~~o~~~..#*, *
* * ###~~##.#*,
## *#.. ** ~
... * * ~
~*.... * * ~
.... * **
##...#


You could see an orc priest.

Vanquished Creatures
  A scorpion (D:3)
  A sleepcap (D:4)
  Jessica (D:3)
  An orc wizard (D:4)
  A gnoll (D:1)
  3 adders
  3 worms
  2 dart slugs (D:3)
  3 orcs
  An endoplasm (D:2)
  A giant cockroach (D:2)
  4 goblins
  6 hobgoblins
  5 quokkas
  3 ball pythons (D:1)
  4 bats
  3 frilled lizards (D:3)
  7 kobolds
  4 rats
54 creatures vanquished.

Notes
Turn   | Place    | Note
-------+----------+-------------------------------------------
     0 | D:1      | lunkers the Meteoran Shapeshifter began the quest for the
                  | Orb.
     0 | D:1      | Reached XP level 1. HP: 16/16 MP: 2/2
    82 | D:1      | Reached skill level 4 in Unarmed Combat
    82 | D:1      | Reached XP level 2. HP: 2/23 MP: 3/3
   299 | D:2      | Reached XP level 3. HP: 28/28 MP: 4/4
   468 | D:2      | Reached XP level 4. HP: 26/35 MP: 5/5
   510 | D:2      | Reached skill level 5 in Unarmed Combat
   566 | D:2      | Found a faded altar of an unknown god.
   770 | D:3      | Noticed a scorpion
   781 | D:3      | Killed a scorpion
   782 | D:3      | Reached XP level 5. HP: 26/40 MP: 6/6
   956 | D:3      | Reached skill level 6 in Unarmed Combat
  1054 | D:3      | Noticed Jessica
  1065 | D:3      | Killed Jessica
  1066 | D:3      | Reached XP level 6. HP: 29/47 MP: 7/7
  1167 | D:4      | Reached skill level 5 in Shapeshifting
  1193 | D:4      | Killed from afar by an orc priest

Illustrated notes

Levels and vault maps discovered:
D:1:      wheals_arrival_linesprint, layout_rooms, kennysheep_doodads
D:2:      layout_basic, nicolae_ecumenical_lake_church,
          kennysheep_generic_room_9
D:3:      layout_loops_ring, chequers_jeans, lexackson_kobold_supper,
          uniq_jessica
D:4:      layout_basic, gup_sewer_entry_bubbles, dilly_guarded_unrand_throatcut

Skill      XL: |  1  2  3  4  5  6 |
---------------+-------------------+-----
Unarmed Combat | 4 5 6 |  6.8
Shapeshifting  | 4 5 |  5.2
Fighting       | |  1.1
Dodging        | |  2.1

Action                     |  1- 3 |  4- 6 || total
---------------------------+-------+-------++-------
  Melee: Unarmed           |    51 |   112 ||   163
         Punch             |     2 |     3 ||     5
 Armour: Animal skin       |    20 |       ||    20
         Scale mail        |     8 |    66 ||    74
  Dodge: Dodged            |    36 |    51 ||    87

Table legend: (Time is in decaauts)
 A = Elapsed time spent in this place.
 B = Non-inter-level travel time spent in this place.
 C = Inter-level travel time spent in this place.
 D = Time resting spent in this place.
 E = Time spent auto-exploring this place.
 F = Levels seen in this place.
 G = Mean time per level.
                   A        B        C        D        E       F      G
               +--------+--------+--------+--------+--------+-----+--------+
         Total |   1176 |   1148 |     28 |      0 |    740 |   4 |  294.0 |
       Dungeon |   1176 |   1148 |     28 |      0 |    740 |   4 |  294.0 |
               +--------+--------+--------+--------+--------+-----+--------+

Top non-repeatable levels by time:
     D:2: 456 daAuts
     D:3: 400 daAuts
     D:1: 286 daAuts
     D:4: 33 daAuts
